 Dungeon Crawl Stone Soup version 0.31-a0-188-g5e087ee2ca (webtiles) character file.

Game seed: 12335566166440507622

931 qw the Skirmisher (level 7, -3/40 HPs)
             Began as a Deep Elf Hunter on June 23, 2023.
             Slain by Pikel
             ... wielding a +1 whip of freezing
              (5 damage)
             ... on level 5 of the Dungeon.
             The game lasted 00:01:39 (3538 turns).

qw the Skirmisher (Deep Elf Hunter)                 Turns: 3538, Time: 00:01:39

Health: -3/40      AC: 13    Str: 10    XL:     7   Next: 86%
Magic:  9/9        EV: 12    Int: 14    God:
Gold:   267        SH:  0    Dex: 23    Spells: 6/6 levels left

rFire   x x .        c - -1 hand crossbow
rCold   x x .        (no shield)
rNeg    . . .        g - +0 ring mail of the Thirsty Visions {Dex+5}
rPois   +            (no helmet)
rElec   .            (no cloak)
rCorr   .            (no gloves)
SInv    .            (no boots)
Will    .....        b - amulet of Elemental Vulnerability {rPois rF-- rC-- AC+8}
Stlth   ++           (no ring)
HPRegen 0.26/turn    (no ring)
MPRegen 0.11/turn

%: no passive effects
@: no status effects
A: no striking features
a: no special abilities


You were on level 5 of the Dungeon.
You visited 1 branch of the dungeon, and saw 5 of its levels.

You collected 268 gold pieces.
You spent 1 gold pieces at shops.


   Skills:
 - Level 2.0 Fighting
 - Level 12.0 Ranged Weapons
 + Level 0.0 Armour
 - Level 4.3 Dodging
 - Level 1.2 Stealth


You had 6 spell levels left.
You didn't know any spells.
Your spell library was empty.

Inventory:

Hand Weapons
 c - a -1 hand crossbow (weapon)
Armour
 g - the +0 ring mail of the Thirsty Visions (worn) {Dex+5}
   (You found it on level 3 of the Dungeon)

   Dex:       It affects your dexterity (+5).
Jewellery
 b - the amulet of Elemental Vulnerability (around neck) {rPois rF-- rC-- AC+8}
   (You found it on level 2 of the Dungeon)

   [amulet of nothing]

   AC:        It affects your AC (+8).
   rF:        It makes you very vulnerable to fire.
   rC:        It makes you very vulnerable to cold.
   rPois:     It protects you from poison.
Scrolls
 i - 3 scrolls of identify
Potions
 a - a potion of haste
 d - 3 potions of might
 e - 3 potions of curing
 f - a potion of resistance

Dungeon Overview and Level Annotations

Branches:
Dungeon (5/15)
 Temple: D:4-7

Altars:
The Shining One

Shops:
D:4 *   D:5 *

Annotations:
D:5 Pikel


Message History

The lemure is heavily wounded.
Pikel hits you with a +1 whip of freezing.
Pikel freezes you. Pikel barely misses you.
You shoot a bolt. The bolt hits Pikel but does no damage.
Pikel is lightly wounded.
Pikel hits you with a +1 whip of freezing.
Pikel freezes you.
You shoot a bolt. The bolt hits Pikel.
Pikel is lightly wounded.
Pikel hits you but does no damage. x2
You shoot a bolt. The bolt closely misses Pikel.
The bolt hits the lemure!!
You kill the lemure!
That felt strangely unrewarding.
Pikel hits you but does no damage.
You shoot a bolt. The bolt barely misses Pikel.
The bolt closely misses the lemure.
The bolt barely misses the adder zombie.
Pikel hits you with a +1 whip of freezing.
Pikel freezes you.
You shoot a bolt. The bolt completely misses Pikel.
The bolt closely misses the lemure.
The bolt closely misses the adder zombie.
Pikel barely misses you. Pikel misses you.
You shoot a bolt. The bolt barely misses Pikel.
The bolt closely misses the lemure.
The bolt hits the adder zombie!!
You destroy the adder zombie!
Pikel hits you with a +1 whip of freezing.
Pikel freezes you.
You shoot a bolt. The bolt closely misses Pikel.
The bolt hits the lemure but does no damage.
Pikel hits you with a +1 whip of freezing.
Pikel freezes you. Pikel hits you but does no damage.
You shoot a bolt. The bolt hits Pikel!!
Pikel is severely wounded.
Pikel hits you with a +1 whip of freezing.
Pikel freezes you.
You shoot a bolt. The bolt closely misses Pikel.
The bolt hits the lemure but does no damage.
Pikel hits you with a +1 whip of freezing.
You die...

#..¤ ¤.¤ ¤¤¤ ¤¤# #$#
##### #5# #...# .. #K#
#.#.# #.# #@# #.#.# #.#
##.## ##.#.# #.#
#..#.##...###....# #.#
#...........#..###.###.
#.###...###............
##.## ####.##..###.
#..... #.# #.....#
#.... ..# ####.## #.#.#
#### #.#


You could see Pikel and a lemure.

Vanquished Creatures
  Sigmund (D:2)
  Menkaure (D:4)
  A black bear (D:4)
  3 lemures (D:5)
  A phantom (D:5)
  A wyvern zombie (D:5)
  An orc priest (D:3)
  2 sleepcaps (D:4)
  2 iguanas
  Natasha (thrice) (D:2)
  2 orc wizards (D:4)
  6 adders
  A white imp (D:3)
  An adder zombie (D:5)
  14 orcs
  11 endoplasms
  A giant cockroach (D:4)
  5 hobgoblins
  2 jackals (D:2)
  5 kobolds
  A quokka (D:1)
  3 ball pythons
  8 bats
  5 frilled lizards
  7 goblins
  3 goblin skeletons (D:3)
  A hobgoblin zombie (D:3)
  A kobold skeleton (D:3)
  A kobold zombie (D:3)
  4 orc zombies (D:3)
  2 rats
100 creatures vanquished.

Notes
Turn   | Place    | Note
-------+----------+-------------------------------------------
     0 | D:1      | qw the Deep Elf Hunter began the quest for the Orb.
     0 | D:1      | Reached XP level 1. HP: 12/12 MP: 3/3
     0 | D:1      | 0 ||| qw: Version: 0.3-a-9-g12657ce
     0 | D:1      | 0 ||| qw: Game counter: 3492
     0 | D:1      | 0 ||| qw: Always use a shield: true
     0 | D:1      | 0 ||| qw: God list: Okawaru
     0 | D:1      | 0 ||| qw: Allow faded altars: false
     0 | D:1      | 0 ||| qw: Do Orc after D:15 true
     0 | D:1      | 0 ||| qw: Do second Lair branch before Depths: true
     0 | D:1      | 0 ||| qw: Lair rune preference: random
     0 | D:1      | 0 ||| qw: Plans: Normal
     0 | D:1      | 0 ||| PLANNING D:1-11
   165 | D:1      | Reached skill level 6 in Ranged Weapons
   165 | D:1      | Reached XP level 2. HP: 12/16 MP: 4/4
   590 | D:1      | 590 ||| READING scroll labelled ICZITYHEMN.
   595 | D:1      | 595 ||| READING scroll labelled OHOGAD JELEC.
   596 | D:1      | 596 ||| READING 5 scrolls labelled DEPEPLYINI.
   597 | D:1      | 597 ||| DRINKING 2 pink potions.
   598 | D:1      | 598 ||| DRINKING 2 fizzy inky potions.
   599 | D:1      | 599 ||| READING 4 scrolls of identify.
   599 | D:1      | 599 ||| IDENTIFYING fuming blue potion
   600 | D:1      | 600 ||| DROPPING scroll of butterflies.
   601 | D:1      | 601 ||| DROPPING potion of attraction.
   615 | D:2      | 615 ||| STAIRDANCE
   626 | D:1      | Reached XP level 3. HP: 10/20 MP: 5/5
   675 | D:2      | Noticed Natasha
   679 | D:2      | Killed Natasha
   680 | D:2      | Reached skill level 7 in Ranged Weapons
   780 | D:2      | Found a faded altar of an unknown god.
   781 | D:2      | Noticed Sigmund
   791 | D:2      | 791 ||| DRINKING potion of curing.
   791 | D:2      | 791 ||| (to cure confusion)
   795 | D:2      | 795 ||| Stepping randomly (disturbance).
   799 | D:2      | HP: 5/20 [something (1)]
   804 | D:2      | Killed Sigmund
   805 | D:2      | Reached skill level 9 in Ranged Weapons
   805 | D:2      | Reached XP level 4. HP: 8/25 MP: 6/6
   805 | D:2      | Reached XP level 5. HP: 9/29 MP: 7/7
   944 | D:2      | Found the amulet of Elemental Vulnerability {rPois rF--
                  | rC-- AC+8}
   984 | D:2      | Noticed Natasha
   988 | D:2      | Killed Natasha
   989 | D:2      | Reached skill level 3 in Dodging
  1098 | D:2      | Noticed Natasha
  1121 | D:2      | HP: 2/29 [Natasha (7)]
  1122 | D:2      | Killed Natasha
  1123 | D:2      | Reached XP level 6. HP: 3/35 MP: 8/8
  1545 | D:2      | 1545 ||| UPGRADING to amulet of Elemental Vulnerability
                  | {rPois rF-- rC-- AC+8}.
  1550 | D:2      | 1550 ||| READING scroll labelled BOKOXU GEAR XID.
  1611 | D:3      | 1611 ||| STAIRDANCE
  1800 | D:3      | Identified the +0 ring mail of the Thirsty Visions {Dex+5}
  1944 | D:3      | 1944 ||| FLEEEEING.
  1946 | D:3      | 1946 ||| FLEEEEING.
  1949 | D:3      | 1949 ||| FLEEEEING.
  1950 | D:3      | 1950 ||| FLEEEEING.
  1960 | D:3      | 1960 ||| FLEEEEING.
  1973 | D:3      | 1973 ||| FLEEEEING.
  1974 | D:3      | 1974 ||| FLEEEEING.
  2038 | D:3      | Reached skill level 10 in Ranged Weapons
  2103 | D:3      | Found a glowing golden altar of the Shining One.
  2553 | D:3      | 2553 ||| UPGRADING to +0 ring mail of the Thirsty Visions
                  | {Dex+5}.
  2563 | D:3      | 2563 ||| DROPPING +0 leather armour.
  2564 | D:3      | 2564 ||| READING scroll labelled XEJIMI GIDICSO.
  2565 | D:3      | 2565 ||| READING scroll labelled ZEIHUTH VUJI.
  2566 | D:3      | 2566 ||| READING 4 scrolls of identify.
  2566 | D:3      | 2566 ||| IDENTIFYING bubbling amethyst potion
  2567 | D:3      | 2567 ||| DROPPING potion of magic.
  2657 | D:4      | Reached XP level 7. HP: 34/40 MP: 9/9
  2705 | D:4      | Noticed Menkaure
  2710 | D:4      | Killed Menkaure
  3069 | D:4      | Reached skill level 11 in Ranged Weapons
  3071 | D:4      | Found Fehorch's Overcharged Wands.
  3080 | D:4      | 3080 ||| SHOPLISTING wand of digging (11) (693 gold, have
                  | 207).
  3082 | D:4      | 3082 ||| READING 4 scrolls of identify.
  3082 | D:4      | 3082 ||| IDENTIFYING white potion
  3083 | D:4      | 3083 ||| READING 3 scrolls of identify.
  3083 | D:4      | 3083 ||| IDENTIFYING yellow potion
  3084 | D:4      | 3084 ||| DROPPING potion of brilliance.
  3290 | D:4      | 3290 ||| READING 3 scrolls labelled TIOXAU FUSAUSCH.
  3291 | D:4      | 3291 ||| DROPPING 2 scrolls of noise.
  3331 | D:5      | Entered Level 5 of the Dungeon
  3341 | D:5      | Found Ados Yllate's Lightly-Used Armoury.
  3413 | D:5      | 3413 ||| BUYING -1 hand crossbow (1 gold).
  3413 | D:5      | Bought a -1 hand crossbow for 1 gold piece
  3413 | D:5      | 3413 ||| SWAPPING to -1 hand crossbow.
  3414 | D:5      | 3414 ||| DROPPING +0 shortbow of freezing.
  3520 | D:5      | Noticed Pikel
  3525 | D:5      | Reached skill level 12 in Ranged Weapons
  3535 | D:5      | HP: 10/40 [Pikel/+1 whip of freezing (1)]
  3537 | D:5      | HP: 3/40 [Pikel/+1 whip of freezing (3)]
  3538 | D:5      | Slain by Pikel

Levels and vault maps discovered:
D:1:      wander_arrival_estate, layout_loops_cross, minmay_misc_feat_chi,
          minmay_split_cup_small
D:2:      layout_rooms, hellmonk_ecumenical_altar_zigzags, uniq_sigmund,
          uniq_natasha
D:3:      layout_basic, nicolae_tso_besieged_by_evil
D:4:      layout_loops_ring, nicolae_shop_overcharged_wands, uniq_menkaure
D:5:      minmay_chambers_of_fours, layout_loops_ring, serial_undead,
          serial_undead_a, serial_undead_b, serial_undead_b, serial_undead_d,
          minmay_shop_damaged, amcnicky_mini_corridor_feature, uniq_pikel,
          uniq_grinder

Skill      XL: |  1  2  3  4  5  6  7 |
---------------+----------------------+-----
Ranged Weapons | 6 9 10 12 | 12.0
Dodging        | 3 4 |  4.3
Fighting       | 2 |  2.0
Stealth        | |  1.2

Action                     |  1- 3 |  4- 6 |  7- 9 || total
---------------------------+-------+-------+-------++-------
   Fire: Shortbow          |   107 |   178 |    44 ||   329
         Hand crossbow     |       |       |    31 ||    31
    Use: Scroll            |     4 |     4 |     3 ||    11
         Potion            |     3 |       |       ||     3
 Armour: Leather armour    |    29 |    12 |       ||    41
         Ring mail         |       |     6 |    25 ||    31
  Dodge: Dodged            |    34 |    33 |    23 ||    90

Table legend:
 A = Non-vault XP
 B = Vault XP
 C = Vault XP percentage of total XP
 D = Non-vault monster count
 E = Vault monster count
 F = Vault count percentage of total count
                 A         B        C        D         E       F
            +---------+---------+-------+---------+---------+-------
      Total |     663 |     667 |  50.2 |      77 |      20 |  20.6
            +---------+---------+-------+---------+---------+-------
        D:1 |      50 |       5 |   9.1 |      23 |       3 |  11.5
        D:2 |     111 |     274 |  71.2 |      14 |       2 |  12.5
        D:3 |     116 |      20 |  14.7 |      24 |      11 |  31.4
        D:4 |     347 |     172 |  33.1 |      15 |       1 |   6.2
        D:5 |      39 |     196 |  83.4 |       1 |       3 |  75.0
            +---------+---------+-------+---------+---------+-------
